Lixiss, chaotic female elven Rogue -- --- |. -.-- --.. ...-- ----....----....| |...............-- --...........-....| |............/....| --..........@.<..-- --..............- -................. |....-----......---- |.. - --...... --- |....--- ------ Lixiss the Rogue Experience level: 6 Strength: 14 Dexterity: 17 Constitution: 15 Intelligence: 12 Wisdom: 13 Charisma: 11 Health: 0(40) Energy: 32(32) Def: 4 Gold: 0 Moves: 4240 Dungeon seed: nCiDg1feQ3i9G7Jm Game ID: Lixiss_1443614497 Your Inventory: Weapons b - an uncursed +0 elven dagger named Biter (weapon in hand) Y - 12 uncursed +0 elven daggers (in quiver) Armor e - a blessed +1 leather armor (being worn) n - a blessed rusty +1 orcish helm (being worn) Comestibles Q - an uncursed tripe ration Potions R - an uncursed potion of hallucination Wands J - an uncursed wand of locking (0:2) Tools g - an uncursed blindfold k - an uncursed lock pick B - an uncursed bag of holding C - an uncursed sack Contents of the bag of holding: 938 gold pieces 2 uncursed +0 daggers an uncursed +0 dwarvish cloak a cursed -1 dwarvish cloak a cursed -1 dwarvish iron helm an uncursed +0 dwarvish mithril-coat an uncursed +0 pair of iron shoes an uncursed +0 pair of iron shoes an uncursed apple an uncursed carrot 2 uncursed cherries 2 uncursed cram rations an uncursed cream pie 2 uncursed eucalyptus leaves an uncursed food ration 2 uncursed fortune cookies an uncursed lembas wafer 2 uncursed sprigs of wolfsbane an uncursed tin of green mold a cursed tin of kitten meat 2 uncursed tripe rations an uncursed scroll of scare monster an uncursed spellbook of invisibility an uncursed wand of enlightenment (0:14) a cursed wand of light (0:13) an uncursed wand of opening (0:3) an uncursed blindfold an uncursed tin whistle an uncursed tin whistle 7 uncursed wax candles (0:400) an uncursed worthless piece of blue glass 3 uncursed worthless pieces of green glass an uncursed worthless piece of red glass an uncursed worthless piece of violet glass Spells and supernatural/magical abilities: Name Level Category Fail Memory W - pray for help -- divine ? -- Your skills at the end: Miscellaneous Skills wands [Basic] Weapon Skills dagger [Basic] short sword [Basic] Spellcasting Skills Final Attributes: You were piously aligned. You were sleep resistant. You were telepathic. You had infravision. You were stealthy. You were fast. You are dead. Vanquished creatures: a gnome king a wood nymph a rock mole a fog cloud 2 gnome lords a golden naga hatchling 2 gray oozes 2 giant ants a little dog 3 floating eyes a kitten 3 dwarves an iguana a rothe a rabid rat 3 giant bats 2 dwarf zombies a wererat 2 werejackals a large kobold 2 geckos 3 hobgoblins 4 giant rats 2 cave spiders 2 brown molds a yellow mold a red mold 10 gnomes 2 manes 8 jackals 3 foxes 2 kobolds a newt 3 goblins 2 sewer rats 6 grid bugs 3 lichens 3 kobold zombies 89 creatures vanquished. Voluntary challenges: You did not adorn yourself with jewelry or accessories. You had been an atheist until turn 1823. You used a wielded weapon 91 times, starting on turn 62. You did not apply a unicorn horn. You were illiterate. You never genocided any monsters. You never polymorphed an object. You changed form 1 time, starting on turn 3517. You used no wishes. You never split a pudding. You never wrote Elbereth's name. You never violated your personal moral code. Dungeon overview: The Dungeons of Doom: levels 1 to 7 Level 1 (vault) a long staircase Level 2 (vault) a bookstore, a fountain stairs to The Gnomish Mines Level 3 some fountains Level 4 a fountain Level 5 many fountains Level 6 a fountain stairs to Sokoban Level 7 The Gnomish Mines: levels 3 to 4 Level 3 stairs to The Dungeons of Doom Level 4 <- You were here Sokoban: levels 3 to 5 Level 3 Level 4 Level 5 a magic chest stairs to The Dungeons of Doom History has recorded: On T:1 you entered the Dungeons of Doom to retrieve the Amulet of Yendor! On T:462 you advanced to experience level 2. On T:467 you reached level 2 of The Dungeons of Doom. On T:601 you reached level 1 of The Gnomish Mines. On T:678 you reached level 3 of The Dungeons of Doom. On T:790 you advanced to experience level 3. On T:1145 you reached level 4 of The Dungeons of Doom. On T:1243 you reached level 5 of The Dungeons of Doom. On T:1774 you advanced to experience level 4. On T:2105 you reached level 6 of The Dungeons of Doom. On T:2134 you reached level 7 of The Dungeons of Doom. On T:2232 you reached level 4 of Sokoban. On T:2474 you advanced to experience level 5. On T:2484 you opened a magic chest. On T:2717 you reached level 3 of Sokoban. On T:3437 you reached level 2 of Sokoban. On T:3522 you opened a magic chest. On T:3735 you advanced to experience level 6. On T:4127 you reached level 2 of The Gnomish Mines. Score breakdown: Gold: 938 ( 93 points) Experience: 6 levels ( 500 points) Exploration: 7 levels ( 180 points) Discoveries: 3 items ( 150 points) Variety of kills: 38 monsters ( 1900 points) Major goal: (nothing yet) ( 0 points) Survival: died (score multiplied by 3) Total score: 8469 Latest messages: You put 7 candles into the bag called holding. You put a violet gem into the bag called holding. You put a blue gem into the bag called holding. You put a red gem into the bag called holding. You put 3 green gems into the bag called holding. Your movements are now unencumbered. You put an iron ring into the magic chest. You put an engagement ring into the magic chest. You put an opal ring into the magic chest. You put a wand of speed monster into the magic chest. You put a candle into the magic chest. You put a green gem into the magic chest. You hit the gnome. The gnome zaps a pine wand, which suddenly explodes! The gnome is caught in the magical blast! The gnome is killed! You are caught in the magical blast! The sack is empty. The sack is empty. Final status: Goodbye Lixiss the Rogue, killed by a magical blast... You died in The Gnomish Mines on dungeon level 4 with 8469 points, and 938 pieces of gold, after 4240 moves. You were level 6 with a maximum of 40 hit points when you died.